 Dungeon Crawl Stone Soup version 0.21-a0-525-ga34b322 (webtiles) character file.

25 Amnesiac the Vexing (level 2, -3/21 HPs)
             Began as a Mummy Arcane Marksman on Dec 7, 2017.
             Slain by a gnoll
             ... wielding a +0 spear
              (5 damage)
             ... on level 1 of the Dungeon.
             The game lasted 00:01:59 (812 turns).

Amnesiac the Vexing (Mummy Arcane Marksman)          Turns: 812, Time: 00:01:59

Health: -3/21      AC:  5    Str: 13    XL:     2   Next: 86%
Magic:  4/4        EV: 10    Int: 12    God:
Gold:   59         SH:  0    Dex: 12    Spells: 3/4 levels left

rFire    x . .     SeeInvis .   a - +0 shortbow
rCold    + . .     Gourm    .   (shield currently unavailable)
rNeg     + + +     Faith    .   h - +0 ring mail
rPois    ∞         Spirit   .   (no helmet)
rElec    .         Reflect  .   (no cloak)
rCorr    .         Harm     .   (no gloves)
MR       .....                  (no boots)
Stlth    +.........             (no amulet)
HPRegen  0.07/turn              (no ring)
MPRegen  0.09/turn              (no ring)

@: no status effects
A: no food or potions, fire vulnerability, cold resistance 1, negative energy
resistance 3, torment resistance, unbreathing
a: no special abilities


You were on level 1 of the Dungeon.
You were not hungry.

You visited 1 branch of the dungeon, and saw 1 of its levels.

You collected 59 gold pieces.

Inventory:

Hand Weapons
 a - a +0 shortbow (weapon)
 b - a +0 mace
Missiles
 d - 22 arrows (quivered)
Armour
 h - a +0 ring mail (worn)
Scrolls
 e - a scroll of amnesia {!r, unknown}
 f - a scroll of fear {!r, unknown}
 g - a scroll of immolation {!r, unknown}
 i - a scroll of remove curse {!r, unknown}
Books
 c - a book of Debilitation

   Spells                             Type                      Level
   a - Corona                         Hexes                        1
   b - Slow                           Hexes                        2
   c - Inner Flame                    Hexes/Fire                   3
   d - Portal Projectile              Hexes/Translocation          3
   e - Cause Fear                     Hexes                        4
   f - Leda's Liquefaction            Hexes/Earth                  4


   Skills:
 + Level 1.4 Fighting
 * Level 2.1 Bows
 + Level 0.4 Armour
 - Level 1.5 Dodging
 + Level 1.9 Spellcasting
 + Level 2.8 Hexes


You had 3 spell levels left.
You knew the following spells:

 Your Spells              Type           Power        Failure   Level  Hunger
a - Corona                Hex            #......      19%         1    N/A

Dungeon Overview and Level Annotations

Branches:
Dungeon (1/15)

Altars:


Innate Abilities, Weirdness & Mutations

You do not eat or drink.
Your flesh is vulnerable to fire.
You are immune to poison.
Your flesh is cold resistant. (rC+)
You are immune to negative energy. (rN+++)
You are immune to unholy pain and torment.
You can survive without breathing.


Message History

You hit the dart slug.
The dart slug is heavily wounded.
The gnoll barely misses you. The gnoll misses you.
You hit the dart slug.
The dart slug is severely wounded.
The rat barely misses you. The dart slug barely misses you.
The gnoll hits you from afar with a spear.
The rat bites you but does no damage.
You hit the dart slug but do no damage.
The dart slug is severely wounded.
The dart slug closely misses you.
The gnoll hits you from afar with a spear.
The rat bites you but does no damage.
The dart slug bites you but does no damage.
The gnoll hits you from afar with a spear.
You see here a short sword.
a - a +0 shortbow (weapon)
The rat closely misses you.
You see here a dagger.
You see here a club.
Firing (i - inventory):
d - 28 arrows (quivered)
Press: ? - help, Shift-Dir - straight line, f - rat
Aim: a rat You shoot an arrow.
The arrow hits the rat.
You kill the rat!
Firing (i - inventory):
d - 27 arrows (quivered)
Press: ? - help, Shift-Dir - straight line, f - gnoll
Aim: a gnoll, wielding a spear You shoot an arrow.
The arrow hits the gnoll.
The gnoll is heavily wounded.
The gnoll hits you from afar with a spear.
Firing (i - inventory):
d - 26 arrows (quivered)
Press: ? - help, Shift-Dir - straight line, f/p - gnoll
Aim: a gnoll, wielding a spear (heavily wounded)
You shoot an arrow. The arrow barely misses the gnoll.
The gnoll hits you from afar with a spear.
* * * LOW HITPOINT WARNING * * *
Firing (i - inventory):
d - 25 arrows (quivered)
Press: ? - help, Shift-Dir - straight line, f/p - gnoll
Aim: a gnoll, wielding a spear (heavily wounded)
You shoot an arrow. The arrow closely misses the gnoll.
The gnoll hits you but does no damage.
The jackal barks!
Firing (i - inventory):
d - 24 arrows (quivered)
Press: ? - help, Shift-Dir - straight line, f/p - gnoll
Aim: a gnoll, wielding a spear (moderately wounded)
You shoot an arrow. The arrow barely misses the gnoll.
The gnoll hits you from afar with a spear.
* * * LOW HITPOINT WARNING * * *
The jackal bites you but does no damage.
Unknown command.
The jackal bites you.
* * * LOW HITPOINT WARNING * * *
Firing (i - inventory):
d - 23 arrows (quivered)
Press: ? - help, Shift-Dir - straight line, f/p - gnoll
Aim: a gnoll, wielding a spear (moderately wounded)
You shoot an arrow. The arrow hits the gnoll.
The gnoll is severely wounded.
The jackal barely misses you.
The gnoll hits you from afar with a spear.
* * * LOW HITPOINT WARNING * * *
The jackal bites you but does no damage.
The gnoll hits you from afar with a spear.
You die...

#........####(###
#....>...# #w#
#.......## #(#
#.......# #(####
#.......#
#.#..#####
#.......#
#.#..#...#
#.......#
#g#..#.#.#
#.#....#.######
#@h..###......##
#####..#...####..#
#......#.#.##§§§.#
#.####......#§§§.#
#######.#.#....#
..........#....#
########.###.<>.#
.........# ######
##########


You could see a gnoll, a dart slug and a jackal.

Vanquished Creatures
  An ooze (D:1)
  A dart slug (D:1)
  A giant cockroach (D:1)
  A goblin (D:1)
  2 hobgoblins (D:1)
  A jackal (D:1)
  A ball python (D:1)
  4 bats (D:1)
  2 frilled lizards (D:1)
  4 kobolds (D:1)
  2 rats (D:1)
20 creatures vanquished.

Notes
Turn   | Place    | Note
-------+----------+-------------------------------------------
     0 | D:1      | Amnesiac the Mummy Arcane Marksman began the quest for the Orb.
     0 | D:1      | Reached XP level 1. HP: 15/15 MP: 2/2
    64 | D:1      | Reached XP level 2. HP: 14/21 MP: 4/4
   812 | D:1      | Slain by a gnoll

Vault maps used:
D:1:      dpeg_arrival_fog, serial_glass, glass_columns_a, glass_columns_a,
          xom_teletrap_fun

Skill      XL: |  1  2 |
---------------+-------+-----
Bows           | 2 |  2.1
Fighting       | |  1.4
Armour         | |  0.4
Dodging        | |  1.5
Spellcasting   | |  1.9
Hexes          | |  2.8

Action                   || total
-------------------------++-------
Melee: Club              ||    29
       Unarmed           ||     1
       Mace              ||    33
 Fire: Shortbow          ||    17
Armor: Robe              ||     8
       Ring mail         ||    24
Dodge: Dodged            ||    51

Table legend:
 A = Spawn XP
 B = Non-spawn XP
 C = Spawn XP percentage of total XP
 D = Spawn monster count
 E = Non-spawn monster count
 F = Spawn count percentage of total count
 G = Total turns spent on level
                    A         B        C        D         E        F      G
               +---------+---------+-------+---------+---------+-------+---------
         Total |       0 |      37 |   0.0 |       0 |      20 |   0.0 |   812
               +---------+---------+-------+---------+---------+-------+---------
           D:1 |       0 |      37 |   0.0 |       0 |      20 |   0.0 |   812
               +---------+---------+-------+---------+---------+-------+---------
